TOP OF THE 1ST |
Oklahoma City Dodgers batting - Pitching for Reno Aces : RHP Yeong-kil Suck
|
Pitching: RHP Yeong-kil Suck
|
|
Batting: RHB Theo Schepers
|
0-0: Ball 1-0: Ball 2-0: Called Strike 2-1: Swinging Strike 2-2: Ball 3-2: Strikes out swinging
|
Batting: RHB Jeremy Giesler
|
0-0: Ball 1-0: Foul Ball, location: 2F 1-1: Swinging Strike 1-2: Strikes out swinging
|
Batting: LHB Jose Robles
|
0-0: Ball 1-0: Ball 2-0: Ground out 6-3 (Groundball, 4M, EV 105.0 MPH)
|
Top of the 1st over - 0 runs, 0 hits, 0 errors, 0 left on base; Oklahoma City 0 - Reno 0 |
BOTTOM OF THE 1ST |
Reno Aces batting - Pitching for Oklahoma City Dodgers : RHP Victor Torres
|
Pitching: RHP Victor Torres
|
|
Batting: SHB Carlos Rodriguez
|
0-0: Ball 1-0: Ground out U3 (Groundball, 13, EV 84.4 MPH)
|
Batting: LHB Kyle Beaulieu
|
0-0: Ball 1-0: Fly out, F8 (Flyball, 8RD, EV 89.4 MPH)
|
Batting: LHB Jeff Densmore
|
0-0: Called Strike 0-1: Ground out 4-3 (Groundball, 4, EV 85.6 MPH)
|
Bottom of the 1st over - 0 runs, 0 hits, 0 errors, 0 left on base; Oklahoma City 0 - Reno 0 |
TOP OF THE 2ND |
Oklahoma City Dodgers batting - Pitching for Reno Aces : RHP Yeong-kil Suck
|
Batting: LHB Steve Pond
|
0-0: Ball 1-0: Called Strike 1-1: Swinging Strike 1-2: Foul Ball, location: 2F 1-2: Strikes out swinging
|
Batting: RHB Curt Earnest
|
0-0: Ball 1-0: Ball 2-0: Fly out, F8 (Flyball, 89M, EV 85.6 MPH)
|
Batting: LHB Chris Fandino
|
0-0: Ball 1-0: Ball 2-0: Ball 3-0: Called Strike 3-1: Swinging Strike 3-2: Ground out 6-3 (Groundball, 6, EV 98.1 MPH)
|
Top of the 2nd over - 0 runs, 0 hits, 0 errors, 0 left on base; Oklahoma City 0 - Reno 0 |
BOTTOM OF THE 2ND |
Reno Aces batting - Pitching for Oklahoma City Dodgers : RHP Victor Torres
|
Batting: LHB Kevin Ferguson
|
0-0: Called Strike 0-1: Called Strike 0-2: SINGLE (Flyball, 4MD, EV 87.5 MPH)
|
Batting: RHB Marlon Reda
|
0-0: Ball 1-0: Ball 2-0: Ball 3-0: Called Strike 3-1: Foul Ball, location: 2F 3-2: Fly out, F5 (Popup, 5, EV 74.4 MPH)
|
Batting: SHB Gerardo Flores
|
0-0: Ball 1-0: Foul Ball, location: 2F 1-1: Ball 2-1: Ball 3-1: Grounds into double play, 6-4-3 (Groundball, 6, EV 85.0 MPH)
|
Bottom of the 2nd over - 0 runs, 1 hit, 0 errors, 0 left on base; Oklahoma City 0 - Reno 0 |
TOP OF THE 3RD |
Oklahoma City Dodgers batting - Pitching for Reno Aces : RHP Yeong-kil Suck
|
Batting: RHB Mike Dodson
|
0-0: Called Strike 0-1: Ball 1-1: Ball 2-1: Swinging Strike 2-2: Foul Ball, location: 2F 2-2: TRIPLE (Flyball, 89XD, EV 91.9 MPH)
|
Batting: RHB Carlos Talavera
|
0-0: Ball 1-0: Ball 2-0: Ball 3-0: Called Strike 3-1: Base on Balls
|
Batting: LHB Darrell Ortega
|
0-0: Ball 1-0: Foul Ball, location: 2F 1-1: Grounds into double play, 4-6-3 (Groundball, 4D, EV 107.5 MPH) Mike Dodson scores
|
Batting: RHB Theo Schepers
|
0-0: Ball 1-0: Ball 2-0: Ball 3-0: Foul Ball, location: 2F 3-1: Called Strike 3-2: SINGLE (Groundball, 56D, EV 99.4 MPH)
|
Batting: RHB Jeremy Giesler
|
0-0: Called Strike Theo Schepers is caught stealing 2nd base 2-4
|
Top of the 3rd over - 1 run, 2 hits, 0 errors, 0 left on base; Oklahoma City 1 - Reno 0 |
BOTTOM OF THE 3RD |
Reno Aces batting - Pitching for Oklahoma City Dodgers : RHP Victor Torres
|
Batting: RHB Cesar Chavez
|
0-0: Foul Ball, location: 2F 0-1: Ball 1-1: Ball 2-1: Called Strike 2-2: Ball 3-2: Base on Balls
|
Batting: RHB Edgar Garcia
|
0-0: Swinging Strike 0-1: DOUBLE (Line Drive, 9LS, EV 95.6 MPH) Cesar Chavez to third
|
Batting: RHB Jonathan Lugo
|
0-0: Ball 1-0: Ball 2-0: Called Strike 2-1: Ball 3-1: Called Strike 3-2: Base on Balls
|
Batting: SHB Carlos Rodriguez
|
0-0: Called Strike 0-1: Swinging Strike 0-2: Strikes out swinging
|
Batting: LHB Kyle Beaulieu
|
0-0: Called Strike 0-1: Ball 1-1: Ball 2-1: Ball 3-1: Foul Ball, location: 2F 3-2: Foul Ball, location: 2F 3-2: Ground out 4-3 (Groundball, 34, EV 108.1 MPH) Cesar Chavez scores Edgar Garcia to third Jonathan Lugo to second
|
Batting: LHB Jeff Densmore
|
0-0: Called Strike 0-1: Swinging Strike 0-2: Fly out, F4 (Popup, 34S, EV 85.0 MPH)
|
Bottom of the 3rd over - 1 run, 1 hit, 0 errors, 2 left on base; Oklahoma City 1 - Reno 1 |
TOP OF THE 4TH |
Oklahoma City Dodgers batting - Pitching for Reno Aces : RHP Yeong-kil Suck
|
Batting: RHB Jeremy Giesler
|
0-0: Called Strike 0-1: Ball 1-1: Ball 2-1: Ground out 6-3 (Groundball, 6, EV 90.6 MPH)
|
Batting: LHB Jose Robles
|
0-0: Ball 1-0: Foul Ball, location: 2F 1-1: Ball 2-1: Foul Ball, location: 2F 2-2: Strikes out swinging
|
Batting: LHB Steve Pond
|
0-0: Ball 1-0: Ball 2-0: Ball 3-0: Called Strike 3-1: Called Strike 3-2: SINGLE (Flyball, 34D, EV 90.0 MPH)
|
Batting: RHB Curt Earnest
|
0-0: Ball 1-0: Swinging Strike 1-1: Ball 2-1: Foul Ball, location: 2F 2-2: Strikes out swinging
|
Top of the 4th over - 0 runs, 1 hit, 0 errors, 1 left on base; Oklahoma City 1 - Reno 1 |
BOTTOM OF THE 4TH |
Reno Aces batting - Pitching for Oklahoma City Dodgers : RHP Victor Torres
|
Batting: LHB Kevin Ferguson
|
0-0: Called Strike 0-1: Swinging Strike 0-2: TRIPLE (Flyball, 89XD, EV 105.6 MPH)
|
Batting: RHB Marlon Reda
|
0-0: Fly out, F7 (Line Drive, 7LM, EV 88.1 MPH) Runner from 3rd tags up, OUT at HOME! 7-2
|
Batting: SHB Gerardo Flores
|
0-0: Ball 1-0: DOUBLE (Flyball, 78XD, EV 115.0 MPH)
|
Batting: RHB Cesar Chavez
|
0-0: Called Strike 0-1: Swinging Strike 0-2: Ball 1-2: Ball 2-2: Strikes out looking
|
Bottom of the 4th over - 0 runs, 2 hits, 0 errors, 1 left on base; Oklahoma City 1 - Reno 1 |
TOP OF THE 5TH |
Oklahoma City Dodgers batting - Pitching for Reno Aces : RHP Yeong-kil Suck
|
Batting: LHB Chris Fandino
|
0-0: Ball 1-0: Ball 2-0: Foul Ball, location: 2F 2-1: Ball 3-1: Swinging Strike 3-2: Strikes out looking
|
Batting: RHB Mike Dodson
|
0-0: Fly out, F8 (Flyball, 8LS, EV 84.4 MPH)
|
Batting: RHB Carlos Talavera
|
0-0: Ball 1-0: Called Strike 1-1: Foul Ball, location: 2F 1-2: Foul Ball, location: 2F 1-2: Foul Ball, location: 2F 1-2: Strikes out swinging
|
Top of the 5th over - 0 runs, 0 hits, 0 errors, 0 left on base; Oklahoma City 1 - Reno 1 |
BOTTOM OF THE 5TH |
Reno Aces batting - Pitching for Oklahoma City Dodgers : RHP Victor Torres
|
Batting: RHB Edgar Garcia
|
0-0: Ball 1-0: Ball 2-0: Foul Ball, location: 2F 2-1: SINGLE (Groundball, 4MD, EV 106.9 MPH)
|
Batting: RHB Jonathan Lugo
|
0-0: Ball 1-0: Called Strike 1-1: Fly out, F9 (Line Drive, 89M, EV 93.8 MPH)
|
Batting: SHB Carlos Rodriguez
|
0-0: Swinging Strike 0-1: Foul Ball, location: 2F 0-2: Foul Ball, location: 2F 0-2: SINGLE (Flyball, 8LS, EV 95.6 MPH) Edgar Garcia to second Runner from 2nd tries for 3rd, OUT after rundown.
|
Batting: LHB Kyle Beaulieu
|
0-0: Called Strike 0-1: Swinging Strike 0-2: Ball 1-2: Ball 2-2: Ball Carlos Rodriguez steals 2nd base 3-2: Ground out 6-3 (Groundball, 6, EV 101.2 MPH)
|
Bottom of the 5th over - 0 runs, 2 hits, 0 errors, 1 left on base; Oklahoma City 1 - Reno 1 |
TOP OF THE 6TH |
Oklahoma City Dodgers batting - Pitching for Reno Aces : RHP Yeong-kil Suck
|
Batting: LHB Darrell Ortega
|
0-0: Swinging Strike 0-1: SINGLE (Groundball, 4D, EV 100.6 MPH)
|
Batting: RHB Theo Schepers
|
0-0: Called Strike 0-1: Ball 1-1: Foul Ball, location: 2F 1-2: DOUBLE (Line Drive, 7LM, EV 106.2 MPH) Darrell Ortega to third
|
Batting: RHB Jeremy Giesler
|
0-0: Ball 1-0: Called Strike 1-1: Ground out 4-3 (Groundball, 4, EV 85.0 MPH)
|
Pitching: RHP Jose Fernandez
|
|
Batting: LHB Jose Robles
|
0-0: Ball 1-0: Called Strike 1-1: Swinging Strike 1-2: Foul Ball, location: 2F 1-2: Ball 2-2: Foul Ball, location: 2F 2-2: Ground out 6-3 (Groundball, 6M, EV 81.9 MPH)
|
Pitching: LHP Drew Huckeba
|
|
Batting: LHB Steve Pond
|
0-0: Called Strike 0-1: Ball 1-1: Ball 2-1: Foul Ball, location: 2F 2-2: Strikes out looking
|
Top of the 6th over - 0 runs, 2 hits, 0 errors, 2 left on base; Oklahoma City 1 - Reno 1 |
BOTTOM OF THE 6TH |
Reno Aces batting - Pitching for Oklahoma City Dodgers : RHP Victor Torres
|
Batting: LHB Jeff Densmore
|
0-0: Called Strike 0-1: Ball 1-1: Swinging Strike 1-2: Ball 2-2: Ball 3-2: Ground out 6-3 (Groundball, 6, EV 111.2 MPH)
|
Batting: LHB Kevin Ferguson
|
0-0: Ball 1-0: SINGLE (Line Drive, 8RS, EV 109.4 MPH)
|
Batting: RHB Marlon Reda
|
0-0: Called Strike 0-1: Called Strike Kevin Ferguson is caught stealing 2nd base 2-4 0-2: Ground out 6-3 (Groundball, 6, EV 99.4 MPH)
|
Bottom of the 6th over - 0 runs, 1 hit, 0 errors, 0 left on base; Oklahoma City 1 - Reno 1 |
TOP OF THE 7TH |
Oklahoma City Dodgers batting - Pitching for Reno Aces : LHP Drew Huckeba
|
Batting: RHB Curt Earnest
|
0-0: Foul Ball, location: 2F 0-1: Called Strike 0-2: Ball 1-2: Ball 2-2: Foul Ball, location: 2F 2-2: Ball 3-2: Ground out 5-3 (Groundball, 5L, EV 79.4 MPH)
|
Batting: LHB Chris Fandino
|
0-0: Foul Ball, location: 2F 0-1: Called Strike 0-2: DOUBLE (Line Drive, 3D, EV 101.2 MPH)
|
Batting: RHB Mike Dodson
|
0-0: Intentional Walk
|
Batting: RHB Carlos Talavera
|
0-0: Called Strike 0-1: Swinging Strike 0-2: Ball 1-2: Ball 2-2: Grounds into double play, 6-4-3 (Groundball, 6, EV 100.6 MPH)
|
Top of the 7th over - 0 runs, 1 hit, 0 errors, 1 left on base; Oklahoma City 1 - Reno 1 |
BOTTOM OF THE 7TH |
Reno Aces batting - Pitching for Oklahoma City Dodgers : RHP Victor Torres
|
Batting: SHB Gerardo Flores
|
0-0: Ball 1-0: Foul Ball, location: 2F 1-1: Swinging Strike 1-2: Ball 2-2: SINGLE (Groundball, 34D, EV 102.5 MPH)
|
Batting: RHB Cesar Chavez
|
0-0: Sac Bunt to 15S - play at first, batter OUT! 1-3 Gerardo Flores to second
|
Batting: RHB Edgar Garcia
|
0-0: Ball 1-0: Called Strike 1-1: DOUBLE (Line Drive, 78M, EV 91.2 MPH) Gerardo Flores scores
|
Batting: RHB Jonathan Lugo
|
0-0: Called Strike 0-1: SINGLE (Groundball, 56D, EV 101.2 MPH) Edgar Garcia to third
|
Batting: SHB Carlos Rodriguez
|
0-0: Ball 1-0: Ball 2-0: Called Strike 2-1: Called Strike 2-2: Ball 3-2: DOUBLE (Line Drive, 7LM, EV 102.5 MPH) Edgar Garcia scores Jonathan Lugo to third Runner from 3rd tries for Home, SAFE, no throw by LF
|
Pitching: LHP Dave Burridge
|
|
Batting: LHB Kyle Beaulieu
|
0-0: Ball Carlos Rodriguez steals 3rd base 1-0: Ball 2-0: Ball 3-0: Called Strike 3-1: Foul Ball, location: 2F 3-2: Foul Ball, location: 2F 3-2: SINGLE (Groundball, 4D, EV 96.2 MPH) Carlos Rodriguez scores
|
Batting: LHB Jeff Densmore
|
0-0: Ball 1-0: Ball 2-0: Fielders Choice at 2nd, 6-4 (Groundball, 6, EV 82.5 MPH)
|
Batting: LHB Kevin Ferguson
|
0-0: Called Strike Jeff Densmore is caught stealing 2nd base 2-6
|
Bottom of the 7th over - 4 runs, 5 hits, 0 errors, 0 left on base; Oklahoma City 1 - Reno 5 |
TOP OF THE 8TH |
Oklahoma City Dodgers batting - Pitching for Reno Aces : LHP Drew Huckeba
|
Batting: LHB Darrell Ortega
|
0-0: Ground out 4-3 (Groundball, 4, EV 79.4 MPH)
|
Batting: RHB Theo Schepers
|
0-0: Foul Ball, location: 2F 0-1: Called Strike 0-2: Ball 1-2: Foul Ball, location: 2F 1-2: Foul Ball, location: 2F 1-2: Strikes out swinging
|
Batting: RHB Jeremy Giesler
|
0-0: Called Strike 0-1: Ground out 4-3 (Groundball, 34, EV 105.6 MPH)
|
Top of the 8th over - 0 runs, 0 hits, 0 errors, 0 left on base; Oklahoma City 1 - Reno 5 |
BOTTOM OF THE 8TH |
Reno Aces batting - Pitching for Oklahoma City Dodgers : LHP Dave Burridge
|
Batting: LHB Kevin Ferguson
|
0-0: Called Strike 0-1: SINGLE (Groundball, 6MD, EV 98.8 MPH)
|
Batting: RHB Marlon Reda
|
0-0: Ball 1-0: SINGLE (Flyball, 89S, EV 93.8 MPH) Kevin Ferguson to second Runner from 2nd tries for 3rd, SAFE, throw by RF made to third
|
Pinch Runner at 3rd Roberto Rodriguez:
|
|
Batting: SHB Gerardo Flores
|
0-0: Foul Ball, location: 2F 0-1: Foul Ball, location: 2F 0-2: Foul Ball, location: 2F 0-2: Ball 1-2: Strikes out swinging
|
Batting: RHB Cesar Chavez
|
0-0: Ball 1-0: Ball 2-0: Swinging Strike 2-1: Foul Ball, location: 2F 2-2: Foul Ball, location: 2F 2-2: Foul Ball, location: 2F 2-2: Ball 3-2: Base on Balls Marlon Reda to second
|
Batting: RHB Edgar Garcia
|
0-0: Ball 1-0: Foul Ball, location: 2F 1-1: Grounds into double play, 6-4-3 (Groundball, 6, EV 82.5 MPH)
|
Bottom of the 8th over - 0 runs, 2 hits, 0 errors, 2 left on base; Oklahoma City 1 - Reno 5 |
TOP OF THE 9TH |
Oklahoma City Dodgers batting - Pitching for Reno Aces : LHP Drew Huckeba
|
Pitching: RHP Adam Silbert
|
|
Now in LF: Roberto Rodriguez
|
|
Batting: LHB Jose Robles
|
0-0: Called Strike 0-1: Ball 1-1: Foul Ball, location: 2F 1-2: Ground out 1-3 (Groundball, 34S, EV 66.9 MPH)
|
Batting: LHB Steve Pond
|
0-0: Called Strike 0-1: Ground out 3-1 (Groundball, 34S, EV 80.0 MPH)
|
Batting: RHB Curt Earnest
|
0-0: Ball 1-0: Ball 2-0: Called Strike 2-1: Called Strike 2-2: Ball 3-2: Base on Balls
|
Batting: LHB Chris Fandino
|
0-0: Ball 1-0: Called Strike 1-1: Ball 2-1: Foul Ball, location: 2F 2-2: Fly out, F9 (Flyball, 89S, EV 80.6 MPH)
|
Top of the 9th over - 0 runs, 0 hits, 0 errors, 1 left on base; Oklahoma City 1 - Reno 5 |
|